 Dungeon Crawl Stone Soup version 0.29.0-4-gdea44cf6ec (webtiles) character file.

Game seed: 1889362259621493543

688 qw the Chopper (level 7, -3/64 HPs)
             Began as a Gargoyle Berserker on Sept 5, 2022.
             Was a Believer of Trog.
             Slain by a gnoll
             ... wielding a +0 halberd
              (7 damage)
             ... on level 5 of the Dungeon.
             The game lasted 00:01:26 (4578 turns).

qw the Chopper (Gargoyle Berserker)                 Turns: 4578, Time: 00:01:26

Health: -3/64      AC: 17    Str: 22    XL:     7   Next: 63%
Magic:  7/7        EV:  5    Int:  8    God:    Trog [**....]
Gold:   359        SH:  8    Dex:  9    Spells: 6/6 levels left

rFire   . . .      SeeInvis +   d - +3 war axe (vorpal)
rCold   . . .      Faith    .   b - +0 kite shield
rNeg    + . .      Spirit   .   a - +0 plate armour
rPois   inf        Reflect  .   (no helmet)
rElec   +          Harm     .   (no cloak)
rCorr   .          Rampage  .   (no gloves)
Will    .....                   c - +0 pair of boots
Stlth   ..........              (no amulet)
HPRegen 0.20/turn               k - ring of see invisible
MPRegen 0.10/turn               i - +4 ring of slaying {mikee}

@: berserking, very quick
A: sickness immunity, AC +4, negative energy resistance 1, electricity
resistance, torment resistance 1, petrification resistance
a: Renounce Religion, Berserk, Trog's Hand


You were on level 5 of the Dungeon.
You worshipped Trog.
Trog was pleased with you.
You visited 1 branch of the dungeon, and saw 5 of its levels.

You collected 359 gold pieces.


Innate Abilities, Weirdness & Mutations

You are immune to sickness and miasma.
Your stone body is resilient. (AC +4)
You are immune to poison.
You resist negative energy. (rN+)
You are resistant to electric shocks. (rElec)
You are resistant to unholy torment.
You are immune to petrification.


   Skills:
 - Level 4.0 Fighting
 + Level 5.8 Axes
 - Level 3.0 Armour
 - Level 1.5 Dodging
 - Level 5.3 Shields


You had 6 spell levels left.
You didn't know any spells.
Your spell library was empty.

Inventory:

Hand Weapons
 d - a +3 vorpal war axe (weapon)
 o - a +0 flail
Missiles
 j - 3 boomerangs (quivered)
Armour
 a - a +0 plate armour (worn)
 b - a +0 kite shield (worn)
 c - a +0 pair of boots (worn)
Jewellery
 i - a +4 ring of slaying (right hand) {mikee}
 k - a ring of see invisible (left hand)
 m - a ring of positive energy
Scrolls
 f - a scroll of noise {unknown}
 h - 5 scrolls of teleportation
 n - 3 scrolls of identify
Potions
 e - a potion of heal wounds
 l - a potion of mutation {unknown}
 p - a potion of curing

Dungeon Overview and Level Annotations

Branches:
Dungeon (5/15)             Temple (0/1) D:4

Altars:
Ru
Yredelemnul


Message History

The gnoll shouts!
The gnoll hits you but does no damage. x2
You barely miss the gnoll. The gnoll hits you but does no damage.
The gnoll hits you from afar with a +0 vampiric spear.
You barely miss the gnoll.
A vampire comes into view.
The gnoll hits you with a +2 vorpal flail.
The gnoll hits you but does no damage.
The gnoll hits you from afar with a +0 vampiric spear.
The gnoll hits you with a +2 vorpal flail.
You closely miss the vampire. You barely miss the gnoll.
You block the vampire's attack. The vampire bites you.
The gnoll hits you with a +2 vorpal flail.
The gnoll hits you but does no damage.
4574 ||| INVOKING Berserk.
A red film seems to cover your vision as you go berserk!
You feel yourself moving faster!
You feel mighty! The vampire hits you!
The vampire bites you but does no damage.
The gnoll hits you with a +2 vorpal flail!
You block the gnoll's attack.
You slash the vampire!
The vampire is severely damaged.
You slash the gnoll!
You kill the gnoll!
Trog accepts your kill.
The vampire hits you but does no damage.
The vampire barely misses you. You block the gnoll's attack.
You closely miss the vampire.
The vampire is severely damaged.
The vampire barely misses you. x2; You block the gnoll's attack.
You slash the vampire!
You destroy the vampire!
Trog accepts your kill.
Trog appreciates your killing of a magic user.
The gnoll hits you but does no damage. The gnoll hits you but does no damage.
The gnoll hits you from afar with a +0 halberd!
You die...

#.....#.....#
#.###.#######
#.###.# # #...#.#
.##
#.#.#.########..
#........##....
###.####.##..#
#....#.##.!####.#.#
#.##........@ggg..#
#.####.##..####.###
#.####.##..#
#......##....
##############


You could see 3 gnolls.

Vanquished Creatures
  A vampire (D:5)
  A howler monkey (D:5)
  3 hounds
  2 orc priests
  A gnoll bouda (D:5)
  Jessica (D:3)
  2 iguanas
  3 orc wizards (D:4)
  4 gnolls (D:5)
  5 adders
  A white imp (D:4)
  A dart slug (D:1)
  6 orcs
  6 bats
  4 endoplasms
  2 giant cockroaches (D:1)
  6 goblins
  7 hobgoblins
  3 jackals
  6 kobolds
  5 quokkas
  8 ball pythons
  3 frilled lizards
  5 rats (D:1)
86 creatures vanquished.

Notes
Turn   | Place    | Note
-------+----------+-------------------------------------------
     0 | D:1      | qw the Gargoyle Berserker began the quest for the Orb.
     0 | D:1      | Reached XP level 1. HP: 14/14 MP: 1/1
     0 | D:1      | 0 ||| qw: Version: 0.1-a-104-g96f76f8
     0 | D:1      | 0 ||| qw: Game counter: 5966
     0 | D:1      | 0 ||| qw: Always use a shield: true
     0 | D:1      | 0 ||| qw: Do Orc after D:15 true
     0 | D:1      | 0 ||| qw: Do second Lair branch before Depths: true
     0 | D:1      | 0 ||| qw: Lair rune preference: random
     0 | D:1      | 0 ||| qw: Plans: Normal
     0 | D:1      | 0 ||| PLANNING D:1-11
    38 | D:1      | 38 ||| Stepping ~*~*~tactically~*~*~ (stealth).
    43 | D:1      | 43 ||| Stepping ~*~*~tactically~*~*~ (stealth).
   180 | D:1      | Reached skill level 3 in Axes
   203 | D:1      | Reached XP level 2. HP: 19/19 MP: 2/2
   255 | D:1      | 255 ||| DROPPING +0 club.
   445 | D:1      | Found a faded altar of an unknown god.
   506 | D:1      | 506 ||| Stepping ~*~*~tactically~*~*~ (hiding).
   516 | D:1      | Reached XP level 3. HP: 17/23 MP: 3/3
   846 | D:1      | Reached ** piety under Trog
   956 | D:1      | 956 ||| UPGRADING to +0 pair of boots.
   961 | D:1      | 961 ||| UPGRADING to ring of see invisible.
   962 | D:1      | 962 ||| READING scroll labelled HUNEUPLUIF.
   976 | D:2      | 976 ||| STAIRDANCE
  1181 | D:2      | Found a sacrificial altar of Ru.
  1282 | D:2      | You fall into a shaft and drop 1 floor!
  1289 | D:3      | 1289 ||| DROPPING +0 whip.
  1325 | D:3      | 1325 ||| INVOKING Berserk.
  1329 | D:3      | Reached XP level 4. HP: 28/28 MP: 4/4
  1522 | D:3      | 1522 ||| UPGRADING to +0 plate armour.
  1532 | D:3      | 1532 ||| DROPPING +0 animal skin.
  1533 | D:3      | 1533 ||| READING scroll labelled SEARUH VORAIPS.
  1534 | D:3      | 1534 ||| READING 3 scrolls labelled ZOMYEPLUAH.
  1539 | D:3      | 1539 ||| READING scroll labelled UMAYNT FOURA.
  1540 | D:3      | 1540 ||| READING 2 scrolls labelled SOVAEK ZENI.
  1541 | D:3      | 1541 ||| DRINKING 2 fuming ruby potions.
  1585 | D:3      | 1585 ||| DROPPING potion of lignification.
  1723 | D:3      | 1723 ||| DRINKING 2 black potions.
  1950 | D:2      | 1950 ||| UPGRADING to ring of positive energy.
  1951 | D:2      | 1951 ||| DRINKING 2 pink potions.
  1952 | D:2      | 1952 ||| READING 2 scrolls of identify.
  1952 | D:2      | 1952 ||| IDENTIFYING purple potion
  1953 | D:2      | 1953 ||| DROPPING potion of brilliance.
  2163 | D:3      | Noticed Jessica
  2170 | D:3      | Killed Jessica
  2305 | D:3      | Reached XP level 5. HP: 32/32 MP: 5/5
  2366 | D:3      | 2366 ||| UPGRADING to +0 kite shield.
  2419 | D:4      | 2419 ||| STAIRDANCE
  2438 | D:4      | 2438 ||| STAIRDANCE
  2442 | D:3      | Reached skill level 1 in Shields
  2690 | D:4      | Found a basalt altar of Yredelemnul.
  2753 | D:4      | 2753 ||| Stepping ~*~*~tactically~*~*~ (hiding).
  2756 | D:4      | 2756 ||| INVOKING Berserk.
  2763 | D:4      | 2763 ||| DRINKING 2 potions of curing.
  2763 | D:4      | 2763 ||| (to cure confusion)
  2765 | D:4      | 2765 ||| DRINKING potion of curing.
  2765 | D:4      | 2765 ||| (to cure confusion)
  2965 | D:4      | 2965 ||| INVOKING Berserk.
  2967 | D:4      | Reached skill level 3 in Shields
  2971 | D:4      | Reached XP level 6. HP: 37/37 MP: 6/6
  3144 | D:4      | 3144 ||| READING scroll of enchant weapon.
  3144 | D:4      | 3144 ||| ENCHANTING +1 hand axe.
  3682 | D:4      | Found a staircase to the Ecumenical Temple.
  3711 | D:4      | 3711 ||| UPGRADING to +4 ring of slaying {mikee}.
  3713 | D:4      | 3713 ||| DROPPING +6 ring of intelligence.
  3714 | D:4      | 3714 ||| READING scroll labelled PATAPN YHIS.
  3715 | D:4      | 3715 ||| READING scroll labelled SAAFYS AKAKAMUSO.
  3716 | D:4      | 3716 ||| DRINKING 2 smoky pink potions.
  3717 | D:4      | 3717 ||| READING 2 scrolls of identify.
  3717 | D:4      | 3717 ||| IDENTIFYING fuming blue potion
  3718 | D:4      | 3718 ||| DROPPING potion of flight.
  3719 | D:4      | 3719 ||| DROPPING potion of ambrosia.
  3747 | D:5      | Entered Level 5 of the Dungeon
  3770 | D:5      | 3770 ||| SWAPPING to +3 vorpal war axe.
  3771 | D:5      | 3771 ||| DROPPING +2 hand axe.
  3830 | D:5      | 3830 ||| Stepping ~*~*~tactically~*~*~ (stealth).
  3840 | D:5      | 3840 ||| INVOKING Berserk.
  4042 | D:5      | 4042 ||| Stepping ~*~*~tactically~*~*~ (hiding).
  4044 | D:5      | 4044 ||| INVOKING Berserk.
  4056 | D:5      | Reached skill level 3 in Armour
  4057 | D:5      | Reached XP level 7. HP: 41/41 MP: 7/7
  4437 | D:5      | 4437 ||| Stepping ~*~*~tactically~*~*~ (stealth).
  4516 | D:5      | 4516 ||| Stepping ~*~*~tactically~*~*~ (stealth).
  4527 | D:5      | 4527 ||| Stepping ~*~*~tactically~*~*~ (stealth).
  4572 | D:5      | Noticed a vampire
  4574 | D:5      | 4574 ||| INVOKING Berserk.
  4574 | D:5      | HP: 13/64 [vampire (8)]
  4574 | D:5      | HP: 5/64 [gnoll/+2 vorpal flail (8)]
  4577 | D:5      | Killed a vampire
  4578 | D:5      | Slain by a gnoll

Levels and vault maps discovered:
D:1:      matt_arrival_los_fun, layout_loops_cross,
          chequers_ecumenical_altar_simple
D:2:      layout_rooms, basic_altar
D:3:      layout_loops_cross, uniq_jessica
D:4:      layout_loops_ring, old_standard_altar, minmay_temple_entry_nine_rooms,
          minmay_misc_feat_rows, corner_web_ring
D:5:      layout_loops_cross

Skill      XL: |  1  2  3  4  5  6  7 |
---------------+----------------------+-----
Axes           | 3 4 5 |  5.8
Shields        | 3 5 |  5.3
Armour         | 3 |  3.0
Fighting       | 4 |  4.0
Dodging        | |  1.5

Action                   |  1- 3 |  4- 6 |  7- 9 || total
-------------------------+-------+-------+-------++-------
Melee: Hand axe          |   107 |   106 |       ||   213
       War axe           |       |    17 |    22 ||    39
Throw: Boomerang         |    28 |    25 |     6 ||    59
Invok: Berserk           |     1 |     4 |     1 ||     6
  Use: Scroll            |     1 |     9 |       ||    10
       Potion            |       |     6 |       ||     6
Armor: Animal skin       |    43 |     2 |       ||    45
       Plate armour      |       |    82 |    13 ||    95
Dodge: Dodged            |    51 |    22 |     9 ||    82
Block: Kite shield       |       |    35 |    10 ||    45

Table legend:
 A = Non-vault XP
 B = Vault XP
 C = Vault XP percentage of total XP
 D = Non-vault monster count
 E = Vault monster count
 F = Vault count percentage of total count
                 A         B        C        D         E       F
            +---------+---------+-------+---------+---------+-------
      Total |     947 |      37 |   3.8 |      85 |       1 |   1.2
            +---------+---------+-------+---------+---------+-------
        D:1 |      51 |       0 |   0.0 |      30 |       0 |   0.0
        D:2 |      33 |       0 |   0.0 |      13 |       0 |   0.0
        D:3 |      63 |      37 |  37.0 |      11 |       1 |   8.3
        D:4 |     250 |       0 |   0.0 |      16 |       0 |   0.0
        D:5 |     550 |       0 |   0.0 |      15 |       0 |   0.0
            +---------+---------+-------+---------+---------+-------
